 Dungeon Crawl Stone Soup version 0.17-a0-2127-g1cb09f6 (webtiles) character file.

133 tp1 the Conjurer (level 4, -5/24 HPs)
             Began as a Deep Elf Conjurer on Oct 23, 2015.
             Was an Initiate of Vehumet.
             Slain by Duvessa
             ... wielding a cursed -3 rapier
              (11 damage)
             ... on level 4 of the Dungeon.
             The game lasted 00:19:01 (4644 turns).

tp1 the Conjurer (Deep Elf Conjurer)                Turns: 4644, Time: 00:19:01

Health: -5/24      AC:  3    Str:  5    XL:     4   Next: 93%
Magic:  3/13       EV: 12    Int: 23    God:    Vehumet [......]
Gold:   56         SH:  0    Dex: 15    Spells: 3 memorised, 7 levels left

rFire  . . .     SeeInvis .     I - -3 quarterstaff (curse)
rCold  . . .     Clarity  .     F - +0 leather armour
rNeg   + . .     SustAt   .     (no shield)
rPois  .         Gourm    .     (no helmet)
rElec  .         Spirit   .     (no cloak)
rCorr  .         Warding  .     (no gloves)
rMut   .         Stasis   .     (no boots)
MR     .....                    (no amulet)
Stlth  ++........               E - ring of positive energy
                                l - +2 ring of intelligence

@: not resistant to hostile enchantments, unstealthy
A: no striking features
a: Renounce Religion


You were on level 4 of the Dungeon.
You worshipped Vehumet.
Vehumet was noncommittal.
You were not hungry.

You visited 2 branches of the dungeon, and saw 5 of its levels.

You collected 151 gold pieces.
You spent 95 gold pieces at shops.

Inventory:

Hand Weapons
 q - a +0 dagger
 x - a +0 short sword
 D - a +1 dagger of venom
 I - a cursed -3 quarterstaff (weapon)
Armour
 a - a +1 robe
 d - a +0 robe
 k - a +2 shield
 m - a +0 leather armour
 n - a +0 leather armour
 r - a +0 leather armour
 y - a +0 robe
 F - a +0 leather armour (worn)
Jewellery
 l - a +2 ring of intelligence (left hand)
 E - a ring of positive energy (right hand)
Wands
 A - a wand of random effects (25)
 G - a wand of digging (14)
Scrolls
 e - 2 scrolls of recharging
 f - a scroll of enchant weapon
 o - 3 scrolls of teleportation
 v - 2 scrolls of magic mapping
 w - a scroll of fear
 B - 4 scrolls of identify
Potions
 g - 2 potions of resistance {unknown}
 i - a potion of curing {unknown}
 p - 2 potions of invisibility {unknown}
 s - a potion of brilliance {unknown}
 t - a potion of haste {unknown}
 u - a potion of mutation {unknown}
Books
 b - a book of Conjurations

   Spells                             Type                      Level
   a - Magic Dart                     Conjuration                  1
   b - Searing Ray                    Conjuration                  2
   c - Dazzling Spray                 Conjuration/Hexes            3
   d - Fulminant Prism                Conjuration/Hexes            4
   e - Iskenderun's Mystic Blast      Conjuration                  4
   f - Iskenderun's Battlesphere      Conjuration/Charms           5
Comestibles
 c - 6 bread rations
 h - 13 fruits
 j - a meat ration
 C - 2 beef jerkies
 H - a slice of pizza


   Skills:
 - Level 2.4 Dodging
 - Level 2.4 Stealth
 + Level 5.0 Spellcasting
 - Level 6.0 Conjurations


You had 7 spell levels left.
You knew the following spells:

 Your Spells              Type           Power        Failure   Level  Hunger
a - Magic Dart            Conj           ####         1%          1    None
b - Searing Ray           Conj           ####..       1%          2    None
c - Dazzling Spray        Conj/Hex       ###.....     17%         3    ##.....


Dungeon Overview and Level Annotations

Branches:
Dungeon (4/15)             Temple (1/1) D:4

Altars:
Ashenzari
Cheibriados
Elyvilon
Fedhas
Gozag
Kikubaaqudgha
Makhleb
Nemelex Xobeh
Okawaru
Qazlal
Ru
Sif Muna
Trog
Vehumet
Xom
Yredelemnul
Zin
The Shining One

Shops:
D:4 *

Annotations:
D:4 Dowan, Duvessa


Message History

Duvessa is moderately wounded.
Duvessa hits you with a rapier.
* * * LOW HITPOINT WARNING * * *
Dowan casts a spell.
Dowan blinks!
Casting: Dazzling Spray
Confirm with . or Enter, or press ? or * to list all spells.
Aiming: Dazzling Spray
Press: ? - help, Shift-Dir - straight line, f/p - Duvessa
Aim: Duvessa, wielding a rapier and wearing a leather armour (moderately wounded, fast)
The spray of energy hits Duvessa.
Duvessa is heavily wounded.
Duvessa is dazzled.
The spray of energy hits Dowan.
Dowan is moderately wounded.
Dowan is dazzled.
Duvessa closely misses you.
Duvessa says, "Where magic fails, the sword succeeds!"
Duvessa barely misses you. Duvessa closely misses you.
Duvessa hits you with a rapier!
You die...

....# #.#...#.#....### #.####
##.## #.....#.#......# #.#...
##.##########.###....#######)#.##
.................................
##.....######.###....#####.......
######.# #........# #.##.... ..,*
#.# #####.########.#.....
,#.###.# ####<..........#.....
.#.....# #...@#########*#.....
.......# #..e........# #.....
######.######...#######.# #.....
......................#.# #.###.
.#####.######e...###.##.####.# #.
,#.....# #........##......# #.
##.##### #....############# #.
...# #....# ## .### #....# #


You could see Duvessa (blind) and Dowan (blind).

Vanquished Creatures
  An iguana (D:4)
  3 adders
  4 giant geckos
  5 orcs
  3 giant cockroaches
  7 goblins
  8 hobgoblins
  4 jackals (D:2)
  8 kobolds
  2 quokkas
  4 ball pythons
  7 bats
  5 giant newts
  8 rats
69 creatures vanquished.

Notes
Turn   | Place    | Note
--------------------------------------------------------------
     0 | D:1      | tp1 the Deep Elf Conjurer began the quest for the Orb.
     0 | D:1      | Reached XP level 1. HP: 10/10 MP: 6/6
   346 | D:1      | Reached XP level 2. HP: 15/15 MP: 5/8
  2121 | D:2      | Reached XP level 3. HP: 19/19 MP: 4/11
  2278 | D:2      | Reached skill level 5 in Spellcasting
  2301 | D:2      | Learned a level 2 spell: Searing Ray
  2305 | D:2      | Learned a level 3 spell: Dazzling Spray
  3226 | D:3      | Found a faded altar to an unknown god.
  3394 | D:3      | Found an iron altar of Okawaru.
  3398 | D:3      | Found a shattered altar of Ashenzari.
  3436 | D:3      | Reached skill level 5 in Conjurations
  3455 | D:3      | Found a white marble altar of Elyvilon.
  3615 | D:3      | Found a sacrificial altar of Ru.
  3744 | D:3      | Reached XP level 4. HP: 24/24 MP: 7/13
  3941 | D:4      | Found Tocwull's Assorted Antiques.
  3952 | D:4      | Bought a tubular iron ring for 95 gold pieces
  3954 | D:4      | Found a bloodstained altar of Trog.
  4218 | D:4      | Found a burning altar of Makhleb.
  4290 | D:4      | Found a staircase to the Ecumenical Temple.
  4330 | Temple   | Entered the Ecumenical Temple
  4383 | Temple   | Became a worshipper of Vehumet
  4471 | D:4      | Reached skill level 6 in Conjurations
  4613 | D:4      | Noticed Duvessa
  4613 | D:4      | Noticed Dowan
  4644 | D:4      | Slain by Duvessa

Vault maps used:
D:1:      wheals_arrival_linesprint
D:2:      minmay_misc_feat_rows
D:3:      lemuel_crystal_altar, elyvilon_altar_1, grunt_temple_overflow_open,
          lightli_sewer_entry_pipes, first_bread, ecumenical_altar_2
D:4:      bloody_trog, bloody_makhleb, minmay_temple_entry_purple_smoke,
          serial_shops, nicolae_shop_stone, uniq_menkaure, uniq_duvessa,
          uniq_natasha
Temple:   nicolae_temple_x_marks_the_god

Action                   |  1- 3 |  4- 6 || total
-------------------------+-------+-------++-------
Melee: Unarmed           |    16 |       ||    16
       Dagger            |     9 |     5 ||    14
       Short sword       |     2 |       ||     2
       Quarterstaff      |       |     1 ||     1
 Cast: Magic Dart        |    99 |    22 ||   121
       Searing Ray       |     4 |     1 ||     5
       Dazzling Spray    |     1 |     6 ||     7
  Use: Scroll            |     4 |     3 ||     7
 Stab: Invisible         |       |     1 ||     1
  Eat: Chunk             |     8 |     3 ||    11
